 Dungeon Crawl Stone Soup version 0.30.1-11-g7821555f0a (webtiles) character file.

Game seed: 6423920429074427288

385855 billyroblox the Minotaur Barricade (level 21, -19/172 HPs)
             Began as a Minotaur Fighter on Nov 19, 2023.
             Was the Champion of Qazlal.
             Demolished by a rockslime (21 damage)
             ... created by the Royal Jelly
             ... on level 5 of the Pits of Slime.
             The game lasted 02:44:35 (46694 turns).

billyroblox the Minotaur Barricade (MiFi)          Turns: 46694, Time: 02:44:36

Health: -19/172    AC: 33    Str: 29      XL:     21   Next: 99%
Magic:  0/15       EV: 14    Int: -1 (0)  God:    Qazlal [******]
Gold:   5918       SH: 33    Dex: 18 (19) Spells: 20/20 levels left

rFire   + . .        z - +7 flail (heavy)
rCold   + + +        g - +1 kite shield of the Dice {-Tele rC++}
rNeg    . . .        c - +8 plate armour "Yfotz" {+Blink rC+ Str-3 Dex+3}
rPois   +            (helmet restricted)
rElec   +            V - +2 cloak
rCorr   +            i - +2 pair of gloves
SInv    +            O - +2 pair of boots
Will    ++++.        E - amulet "Dusecanif" {Reflect Str+2 SH+5} Stlth
                     B - ring "Ywno Ycu" {rF+ rCorr SInv Stlth+}
HPRegen 0.48/turn    k - ring "Muossuzyd" {rElec rPois Will+++ Int-3 Dex+6}
MPRegen 0.14/turn

%: no teleportation, random rage (3%), repel missiles, reflection
@: mighty, protected from physical damage, corroded, on berserk cooldown,
slowed, lost intelligence, unable to read, very slow
A: horns 2, retaliatory headbutt, berserk 1, cold resistance 1, deterioration 2,
dopey 1, frail 2, low MP 2, (teleportitis 1), weak 1, inability to drink after
injury 1, devolution 1
}: 2/15 runes: serpentine, barnacled
a: Renounce Religion, Evoke Blink, Upheaval, Elemental Force, Disaster Area


You were on level 5 of the Pits of Slime.
You worshipped Qazlal.
Qazlal was exalted by your worship.
You visited 8 branches of the dungeon, and saw 39 of its levels.
You also visited: Sewer and Gauntlet.

You collected 6878 gold pieces.
You spent 960 gold pieces at shops.

Inventory:

Hand Weapons
 z - a +7 heavy flail (weapon)
Missiles
 n - 89 poisoned darts (quivered)
Armour
 c - the +8 plate armour "Yfotz" (worn) {+Blink rC+ Str-3 Dex+3}
   (You found it on level 1 of the Lair of Beasts)

   Str:       It affects your strength (-3).
   Dex:       It affects your dexterity (+3).
   rC:        It protects you from cold.
   +Blink:    It lets you blink.
 g - the +1 kite shield of the Dice (worn) {-Tele rC++}
   (You acquired it on level 13 of the Dungeon)

   rC:        It greatly protects you from cold.
   -Tele:     It prevents most forms of teleportation.
 i - a +2 pair of gloves (worn)
 O - a +2 pair of boots (worn)
 V - a +2 cloak (worn)
Jewellery
 a - the ring of Soriagu {rElec rC+ AC+4}
   (You found it on level 1 of the Shoals)

   [ring of protection]

   AC:        It affects your AC (+4).
   rC:        It protects you from cold.
   rElec:     It insulates you from electricity.
 k - the ring "Muossuzyd" (right hand) {rElec rPois Will+++ Int-3 Dex+6}
   (You bought it in a shop on level 2 of the Orcish Mines)

   [ring of dexterity]

   Int:       It affects your intelligence (-3).
   Dex:       It affects your dexterity (+6).
   rElec:     It insulates you from electricity.
   rPois:     It protects you from poison.
   Will:      It greatly increases your willpower.
 w - the ring of Uphoewko {Fire rPois rN+ Stlth+}
   (You took it off a deep elf blademaster on level 3 of the Elven Halls)

   [ring of fire]

   It enhances your fire magic.
   rF:        It protects you from fire.
   rC:        It makes you vulnerable to cold.
   rPois:     It protects you from poison.
   rN:        It protects you from negative energy.
   Stlth:     It makes you more stealthy.
 B - the ring "Ywno Ycu" (left hand) {rF+ rCorr SInv Stlth+}
   (You found it on level 4 of the Shoals)

   [ring of see invisible]

   rF:        It protects you from fire.
   SInv:      It lets you see invisible.
   rCorr:     It protects you from acid and corrosion.
   Stlth:     It makes you more stealthy.
 E - the amulet "Dusecanif" (around neck) {Reflect Str+2 SH+5}
   (You acquired it on level 3 of the Elven Halls)

   [amulet of reflection]

   It reflects blocked missile attacks.
   Str:       It affects your strength (+2).
   SH:        It affects your SH (+5).
 N - a ring of flight
 R - the ring "Righ" {rC+ AC+4 Str-2 Slay+3}
   (You took it off a deep elf demonologist on level 3 of the Elven Halls)

   [ring of protection]

   AC:        It affects your AC (+4).
   Str:       It affects your strength (-2).
   Slay:      It affects your accuracy & damage with ranged weapons and melee
   (+3).
   rC:        It protects you from cold.
Wands
 v - a wand of mindburst (11)
 y - a wand of flame (62)
 I - a wand of quicksilver (15)
 J - a wand of iceblast (41)
 M - a wand of paralysis (45)
 Q - a wand of digging (8)
 X - a wand of polymorph (13)
Scrolls
 h - 6 scrolls of amnesia
 j - 22 scrolls of teleportation
 m - 7 scrolls of poison
 o - a scroll of summoning
 p - 5 scrolls of magic mapping
 q - 6 scrolls of fear
 x - 8 scrolls of fog
 F - 2 scrolls of enchant armour
 G - 4 scrolls of vulnerability
 S - a scroll of torment
 U - 9 scrolls of blinking
 Y - 3 scrolls of silence
 Z - 4 scrolls of brand weapon
Potions
 b - 9 potions of attraction
 f - 5 potions of resistance
 l - 5 potions of heal wounds
 r - 2 potions of haste
 s - 11 potions of lignification
 u - 14 potions of curing
 C - 3 potions of magic
 D - 4 potions of invisibility
 K - 4 potions of cancellation
 L - 6 potions of ambrosia
 P - 11 potions of flight
 T - 6 potions of brilliance


   Skills:
 * Level 24.8 Fighting
 - Level 16.0 Maces & Flails
 - Level 2.8 Throwing
 + Level 19.1 Armour
 + Level 10.0 Dodging
 O Level 27 Shields


You had 20 spell levels left.
You didn't know any spells.
Your spell library contained the following spells:

 Spells                   Type           Power      Damage    Failure   Level
 Beastly Appendage        Tmut           0%         N/A       98%         1
 Kiss of Death            Conj/Necr      0%         2d5       98%         1
 Magic Dart               Conj           0%         1d3       98%         1
 Shock                    Conj/Air       0%         1d3       98%         1
 Blink                    Tloc           0%         N/A       99%         2
 Lesser Beckoning         Tloc           0%         N/A       99%         2
 Momentum Strike          Conj/Tloc      0%         3d8       99%         2
 Searing Ray              Conj           0%         2d4       99%         2
 Wereblood                Tmut           0%         N/A       99%         2
 Confusing Touch          Hex            0%         N/A       100%        3
 Dazzling Flash           Conj/Hex       0%         N/A       100%        3
 Frozen Ramparts          Ice            0%         1d1       100%        3
 Hailstorm                Conj/Ice       0%         3d3       100%        3
 Ignite Poison            Fire/Tmut/Pois 0%         N/A       100%        3
 Ozocubu's Armour         Ice            0%         N/A       100%        3
 Spider Form              Tmut/Pois      0%         N/A       100%        3
 Stone Arrow              Conj/Erth      0%         3d7       100%        3
 Summon Guardian Golem    Hex/Summ       0%         N/A       100%        3
 Swiftness                Air            0%         N/A       100%        3
 Volatile Blastmotes      Fire/Tloc      0%         2d10      100%        3
 Airstrike                Air            0%         2d(0-16)  100%        4
 Animate Armour           Summ/Erth      0%         N/A       100%        4
 Dispel Undead            Necr           0%         3d6       100%        4
 Fulminant Prism          Conj/Hex       0%         3d5       100%        4
 Ice Form                 Ice/Tmut       0%         N/A       100%        4
 Iskenderun's Mystic Bla  Conj/Tloc      0%         2d3       100%        4
 Leda's Liquefaction      Hex/Erth       0%         N/A       100%        4
 Manifold Assault         Tloc           0%         N/A       100%        4
 Passage of Golubria      Tloc           0%         N/A       100%        4
 Summon Ice Beast         Ice/Summ       0%         N/A       100%        4
 Agony                    Necr           0%         N/A       100%        5
 Alistair's Intoxication  Tmut/Pois      0%         N/A       100%        5
 Borgnjor's Vile Clutch   Necr/Erth      0%         N/A       100%        5
 Lee's Rapid Deconstruct  Erth           0%         3d4*      100%        5
 Silence                  Hex/Air        0%         N/A       100%        5
 Dispersal                Tloc           0%         N/A       100%        6
 Eringya's Noxious Bog    Tmut/Pois      0%         N/A       100%        6
 Simulacrum               Ice/Necr       0%         N/A       100%        6
 Starburst                Conj/Fire      0%         6d3       100%        6
 Statue Form              Tmut/Erth      0%         N/A       100%        6
 Ozocubu's Refrigeration  Ice            0%         4d7       100%        7
 Disjunction              Tloc           0%         N/A       100%        8
 Lehudib's Crystal Spear  Conj/Erth      0%         10d2      100%        8
 Necromutation            Tmut/Necr      0%         N/A       100%        8


Dungeon Overview and Level Annotations

Branches:
Dungeon (15/15)            Temple (1/1) D:5            Lair (5/5) D:11
 Shoals (4/4) Lair:3        Snake (4/4) Lair:3        Slime (5/5) Lair:4
    Orc (2/2) D:9             Elf (3/3) Orc:2        Vaults (0/5) D:14
 Depths (0/4) D:15          Sewer (visited)         Gauntlet (visited)

Altars:
Ashenzari
Cheibriados
Dithmenos
Elyvilon
Kikubaaqudgha
Makhleb
Nemelex Xobeh
Qazlal
Ru
Sif Muna
Trog
Vehumet
Wu Jian
Xom
The Shining One
Jiyva

Shops:
D:2 !   D:11 *   D:13 ?   D:14 (   Orc:1 =(!   Orc:2 =[?=*   Elf:2 **   Elf:3 ?
Shoals:2 !([   Shoals:4 [   Snake:3 =:=   Snake:4 (

Portals:
Pandemonium: Orc:2
Trove: Elf:1 (give horn of Geryon)

Annotations:
Slime:5 Royal Jelly


Innate Abilities, Weirdness & Mutations

You have a pair of horns on your head.
You reflexively headbutt those who attack you in melee.
You sometimes lose your temper in combat.
Your flesh is cold resistant. (rC+)
Your body often deteriorates upon taking damage.
You are dopey. (Int -2)
You are very frail. (-20% HP)
Your magical capacity is very low. (-20% MP)
((You are occasionally teleported next to monsters.))
You are weak. (Str -2)
You occasionally lose the ability to drink potions when taking damage.
You have hidden genetic defects.


Message History

The azure jelly freezes you. You resist.
Your resistance to physical damage fades away.
You feel protected from cold.
* * * LOW HITPOINT WARNING * * *
The azure jelly misses you.
The azure jelly hits you but does no damage. x2
The quicksilver ooze attacks as you move away!
You block the quicksilver ooze's attack. x2
You block the azure jelly's attack.
The azure jelly hits you but does no damage.
The azure jelly barely misses you. x2
The azure jelly is engulfed in blazing flames.
The azure jelly closely misses you. You block the azure jelly's attack.
The azure jelly misses you. The azure jelly hits you.
* * * LOW HITPOINT WARNING * * *
Your resistance to cold fades away.
You feel protected from physical attacks.
The azure jelly hits you but does no damage.
The azure jelly barely misses you. The azure jelly misses you.
You block the azure jelly's attack.
The azure jelly attacks as you move away!
You block the azure jelly's attack. x2
The azure jelly hits you but does no damage. x2
You feel a strong urge to attack something.
The azure jelly is engulfed in blazing flames.
You kill the azure jelly!
That felt strangely unrewarding.
The quicksilver ooze hits you. The quicksilver ooze engulfs you!
The quicksilver ooze hits you!
* * * LOW HITPOINT WARNING * * *
There is a stone staircase leading up, spattered with blood here.
* * * LOW HITPOINT WARNING * * *
Your lungs strain for air!
You are no longer berserk.
You are exhausted.
You feel yourself slow down.
You block the quicksilver ooze's attack. x2
The ooze engulfing you falls away.
You gasp with relief as air once again reaches your lungs.
The rockslime hits you!!
You die...

..........................
..........(...............
..............(...........
..........................
............(.............
........................##
....................
.......○.§........##
#.....○○.@°°......#
#.......JJJ.....###
######..○J☼JG...#
#...##JJ...## ######J.####
####


You could see the Royal Jelly, 2 azure jellies, 3 rockslimes, a shining eye and
2 quicksilver oozes.

Vanquished Creatures
  Zenata (Elf:2)
  Mlioglotl (Shoals:1)
  2 deep elf master archers
  13 acid blobs
  2 deep elf blademasters (Elf:3)
  Agnes (Snake:2)
  5 nagarajas
  13 rockslimes
  9 azure jellies
  3 deep elf sorcerers
  Ilsuiw (Shoals:2)
  Aizul (Snake:2)
  4 deep elf elementalists
  12 quicksilver oozes
  Azrael (Snake:2)
  5 deep elf demonologists (Elf:3)
  The ghost of Sheol the Warrior, a journeyman MiBe of Trog (D:13)
  8 deep elf annihilators
  A dire elephant (D:15)
  4 deep elf death magi (Elf:3)
  Snorg (D:13)
  7 merfolk javelineers
  An ettin (Orc:1)
  14 merfolk impalers
  2 green deaths (Snake:3)
  5 great orbs of eyes
  2 deep elf high priests (Elf:3)
  2 fire dragons (Lair:5)
  Harold (Lair:2)
  2 salamander tyrants (Snake:4)
  2 peacekeepers (Elf:2)
  6 hydras
  Erolcha (Orc:1)
  2 merfolk avatars
  A catoblepas (Lair:1)
  8 anacondas
  An alligator snapping turtle (Shoals:3)
  A demonspawn (Orc:2)
  An ogre mage (D:14)
  4 boulder beetles
  28 dancing weapons
  6 centaur warriors
  5 two-headed ogres
  5 merfolk aquamancers
  11 naga sharpshooters
  14 naga warriors
  A satyr (Shoals:3)
  3 orc high priests
  6 death yaks
  2 tengu warriors (D:15)
  Amaemon (Lair:1)
  13 deep elf knights
  Sonja (Lair:4)
  4 shock serpents
  4 skysharks
  A sixfirhy (Orc:2)
  7 salamander mystics
  4 skeletal warriors (D:15)
  9 sea snakes
  A wizard (Elf:1)
  A swamp dragon (Lair:5)
  An obsidian statue (D:14)
  7 naga ritualists
  11 deep elf archers
  8 harpies
  A wolf spider (D:15)
  A lindwurm (Lair:5)
  5 orc knights
  3 oklob plants
  26 deep elf zephyrmancers
  27 deep elf pyromancers
  6 mana vipers
  18 salamanders
  14 orc sorcerers
  22 manticores
  18 fauns
  19 ugly things
  8 shining eyes
  6 cyclopes
  29 black mambas
  Joseph (D:8)
  7 merfolk sirens
  5 water nymphs
  13 elephants
  23 naga magi
  6 centaur zombies (D:10)
  Maurice (D:10)
  2 unseen horrors
  9 cane toads
  5 torpor snails (Lair:5)
  An orange demon (Lair:2)
  Maggie (D:9)
  A gargoyle (D:12)
  4 guardian serpents
  An efreet (D:14)
  A kobold demonologist (Elf:1)
  A yaktaur (shapeshifter) (Elf:3)
  2 rime drakes (Lair:5)
  7 komodo dragons
  3 unseen horror zombies (D:10)
  3 freezing wraiths (D:14)
  A komodo dragon (shapeshifter) (Elf:3)
  2 tengu conjurers
  5 trolls
  40 merfolk
  A troll (shapeshifter) (Elf:2)
  6 polar bears
  3 hellwings (Orc:2)
  8 hornets
  2 queen bees
  7 wind drakes
  4 tyrant leeches (Lair:5)
  Grinder (D:3)
  21 blink frogs
  9 snapping turtles
  56 slime creatures
  3 spriggans
  5 air elementals
  19 water elementals
  6 wraiths (D:10)
  Eustachio (D:4)
  6 centaur simulacra (D:14)
  A ynoxinul (Orc:2)
  5 fire elementals
  7 wyverns
  7 shadows
  79 yaks
  7 vampires
  2 golden eyes (Slime:2)
  9 basilisks
  2 vampire mosquitoes (D:14)
  Menkaure (D:5)
  3 steam dragons
  3 wargs
  Edmund (D:5)
  56 nagas
  2 harpy simulacra (D:14)
  2 hell hounds (Snake:2)
  4 acid dragons
  14 water moccasins
  A floating eye (D:10)
  34 orc warriors
  A swamp drake (Lair:5)
  7 ice beasts
  A black bear (shapeshifter) (D:14)
  15 ogres
  8 black bears
  6 boggarts
  12 wolves
  13 centaurs
  9 kobold brigands
  7 bullfrogs
  5 gnoll sergeants
  5 scorpions
  2 earth elementals
  5 wights (D:7)
  43 killer bees
  2 electric eels (D:14)
  A howler monkey (D:8)
  A crimson imp (D:9)
  2 hounds
  3 jellies
  2 gnoll boudas
  24 orc priests
  9 iguanas
  2 sleepcaps
  14 orc wizards
  6 hell rats (Lair:2)
  A boggart simulacrum (D:14)
  A howler monkey zombie (D:10)
  12 adders
  20 gnolls
  A shadow imp (D:7)
  6 white imps
  2 ufetubi
  3 worms
  5 dart slugs
  71 orcs
  10 endoplasms
  7 giant cockroaches
  4 goblins
  8 hobgoblins
  5 jackals
  5 quokkas
  3 training dummies (Snake:4)
  11 ball pythons
  A bat (D:2)
  10 frilled lizards
  25 kobolds
  13 rats
  2 rat zombies (D:4)
1483 creatures vanquished.

Vanquished Creatures (others)
  A dancing weapon (Elf:2)
  2 deep elf knights
  A deep elf zephyrmancer (Elf:1)
  A slime creature (D:14)
  A wolf (D:14)
  An orc wizard (D:5)
  A boggart simulacrum (D:14)
  A white imp (D:14)
  An ufetubus (D:14)
  2 starspawn tentacles (Shoals:1)
12 creatures vanquished.

Grand Total: 1495 creatures vanquished

Notes
Turn   | Place    | Note
-------+----------+-------------------------------------------
     0 | D:1      | billyroblox the Minotaur Fighter began the quest for the
                  | Orb.
     0 | D:1      | Reached XP level 1. HP: 19/19 MP: 0/0
   212 | D:1      | Reached XP level 2. HP: 27/27 MP: 1/1
   607 | D:2      | Reached XP level 3. HP: 31/33 MP: 2/2
   625 | D:2      | Reached skill level 4 in Shields
   911 | D:2      | Reached XP level 4. HP: 37/40 MP: 3/3
  1034 | D:2      | Found Vocyre's Distillery.
  1191 | D:3      | Found a faded altar of an unknown god.
  1195 | D:3      | Prayed at the altar of an unknown god.
  1195 | D:3      | Became a worshipper of Qazlal Stormbringer
  1195 | D:3      | Reached * piety under Qazlal
  1484 | D:3      | Reached skill level 5 in Maces & Flails
  1484 | D:3      | Reached XP level 5. HP: 45/46 MP: 4/4
  1484 | D:3      | Identified the ring "Xyul" {Drain +Blink rC+ MP+9 Dex+2}
  1511 | D:3      | Reached skill level 1 in Dodging
  1582 | D:3      | Noticed Grinder
  1582 | D:3      | Paralysed by Grinder for 2 turns
  1586 | D:3      | Paralysed by Grinder for 3 turns
  1600 | D:3      | Paralysed by Grinder for 5 turns
  1608 | D:3      | Killed Grinder
  1609 | D:3      | Reached XP level 6. HP: 24/53 MP: 5/5
  2179 | D:4      | Reached ** piety under Qazlal
  2198 | D:4      | Found a glowing drain.
  2202 | Sewer    | Entered a sewer
  2252 | Sewer    | Reached XP level 7. HP: 59/60 MP: 6/6
  2403 | Sewer    | Found a viscous altar of Jiyva.
  2528 | D:4      | Reached skill level 5 in Armour
  2603 | D:4      | Found a shadowy altar of Dithmenos.
  2636 | D:4      | Noticed Eustachio
  2657 | D:4      | Killed Eustachio
  2756 | D:4      | Found an ancient bone altar of Kikubaaqudgha.
  2836 | D:5      | Entered Level 5 of the Dungeon
  3115 | D:5      | Found a white marble altar of Elyvilon.
  3173 | D:5      | Reached *** piety under Qazlal
  3239 | D:5      | Noticed Edmund
  3249 | D:5      | Killed Edmund
  3250 | D:5      | Reached XP level 8. HP: 48/67 MP: 7/7
  3253 | D:5      | Reached skill level 5 in Shields
  3492 | D:5      | Found a staircase to the Ecumenical Temple.
  3643 | D:5      | Noticed Menkaure
  3646 | D:5      | Killed Menkaure
  3647 | D:5      | Reached skill level 5 in Fighting
  3756 | D:6      | Reached skill level 10 in Maces & Flails
  3878 | D:6      | Found a stormy altar of Qazlal.
  3897 | D:6      | Found a sacrificial altar of Ru.
  3969 | D:6      | Found a broken altar of Ashenzari.
  4055 | D:6      | Reached XP level 9. HP: 52/74 MP: 8/8
  4238 | D:6      | Reached skill level 6 in Shields
  4360 | D:6      | Found a bloodstained altar of Trog.
  6101 | D:8      | Reached **** piety under Qazlal
  6161 | D:8      | Found a radiant altar of Vehumet.
  6275 | D:8      | Found a shimmering blue altar of Sif Muna.
  6304 | D:8      | Noticed Joseph
  6314 | D:8      | Killed Joseph
  6320 | D:8      | Reached XP level 10. HP: 32/84 MP: 5/9
  6701 | D:8      | Found an ornate altar of the Wu Jian Council.
  6801 | D:8      | Identified the +4 trident of the Magi {vamp, rPois}
  6824 | D:9      | Reached skill level 7 in Shields
  7456 | D:9      | Reached skill level 8 in Shields
  7555 | D:9      | Got Tergh's Quarto of Cooperative Therianthropy
  7631 | D:9      | Found a burning altar of Makhleb.
  7631 | D:9      | Found a shimmering altar of Xom.
  7709 | D:9      | Found a snail-covered altar of Cheibriados.
  7722 | D:9      | Noticed Maggie
  7734 | D:9      | Killed Maggie
  7837 | D:9      | Found a staircase to the Orcish Mines.
  7869 | D:9      | Reached XP level 11. HP: 83/92 MP: 8/10
  7874 | D:9      | Reached skill level 5 in Dodging
  7881 | D:9      | Reached ***** piety under Qazlal
  7891 | D:9      | Reached skill level 9 in Shields
  8198 | D:10     | Entered Level 10 of the Dungeon
  8199 | D:10     | Noticed a two-headed ogre
  8221 | D:9      | Killed a two-headed ogre
  8239 | D:10     | Noticed Maurice
  8266 | D:10     | Killed Maurice
  8369 | D:10     | Reached skill level 15 in Maces & Flails
  8369 | D:10     | Reached skill level 10 in Shields
  8681 | D:10     | Reached skill level 10 in Armour
  8769 | D:10     | Paralysed by a floating eye for 2 turns
  8809 | D:10     | Noticed an oklob plant
  8811 | D:10     | Noticed an oklob plant
  8906 | D:10     | Reached XP level 12. HP: 104/104 MP: 11/11
  9176 | D:10     | Identified the +2 robe "Ositirph" {rC+ Dex+2}
  9228 | D:10     | Found a sparkling altar of Nemelex Xobeh.
  9683 | D:11     | Noticed a two-headed ogre
  9690 | D:11     | Killed a two-headed ogre
  9691 | D:11     | Reached skill level 11 in Shields
  9725 | D:11     | Noticed a two-headed ogre
  9743 | D:11     | Killed a two-headed ogre
  9866 | D:11     | Found Eguon's Assorted Antiques.
 10068 | D:11     | Noticed a two-headed ogre
 10074 | D:11     | Killed a two-headed ogre
 10075 | D:11     | Reached skill level 10 in Fighting
 10075 | D:11     | Reached skill level 1 in Throwing
 10196 | D:11     | Found a staircase to the Lair.
 10560 | D:12     | Found a gate leading to a gauntlet.
 10649 | Gauntlet | Entered a Gauntlet
 10649 | Gauntlet | Found a transporter.
 10662 | Gauntlet | Found a transporter.
 10673 | Gauntlet | Found a transporter.
 10675 | Gauntlet | Found a large runed translucent door.
 10675 | Gauntlet | Found a large runed translucent door.
 10676 | Gauntlet | Found a large runed translucent door.
 10676 | Gauntlet | Found a large runed translucent door.
 10677 | Gauntlet | Found a large runed translucent door.
 10677 | Gauntlet | Found a large runed translucent door.
 10677 | Gauntlet | Found a runed translucent door.
 10677 | Gauntlet | Found a runed translucent door.
 10677 | Gauntlet | Found a large runed translucent door.
 10677 | Gauntlet | Noticed a four-headed hydra
 10678 | Gauntlet | Found a transporter.
 10695 | Gauntlet | Found a transporter.
 10697 | Gauntlet | Found the +4 robe of Folly {Brill Will-∞ Int+8}
 10709 | Gauntlet | Found a large runed translucent door.
 10710 | Gauntlet | Found a large runed translucent door.
 10711 | Gauntlet | Found a large runed translucent door.
 10711 | Gauntlet | Found a large runed translucent door.
 10712 | Gauntlet | Found a runed translucent gate.
 10713 | Gauntlet | Found a transporter.
 10713 | Gauntlet | Found a runed translucent gate.
 10714 | Gauntlet | Found a runed translucent gate.
 10715 | Gauntlet | Found a large runed translucent door.
 10715 | Gauntlet | Found a large runed translucent door.
 10716 | Gauntlet | Found a large runed translucent door.
 10717 | Gauntlet | Found a large runed translucent door.
 10725 | Gauntlet | Found a transporter.
 10737 | Gauntlet | Found a transporter.
 10748 | Gauntlet | Noticed a death scarab
 10749 | Gauntlet | Found a transporter.
 10755 | Gauntlet | Noticed a death scarab
 10761 | Gauntlet | Found a transporter.
 10778 | Gauntlet | Found a transporter.
 10796 | Gauntlet | Found a transporter.
 10798 | Gauntlet | Found a transporter.
 10826 | Gauntlet | Found a transporter.
 10844 | Gauntlet | Found the dreamshard necklace {*Dream Drain}
 10846 | Gauntlet | Found a transporter.
 10920 | Gauntlet | Found a large runed translucent door.
 10924 | Gauntlet | Found a transporter.
 10944 | Gauntlet | Found a transporter.
 11094 | Gauntlet | Found a transporter.
 11903 | D:13     | Noticed a centaur warrior
 11911 | D:13     | Killed a centaur warrior
 11971 | D:13     | Reached skill level 12 in Shields
 12036 | D:13     | Noticed Snorg
 12048 | D:13     | Killed Snorg
 12125 | D:13     | Noticed a centaur warrior
 12135 | D:13     | Killed a centaur warrior
 12137 | D:13     | Noticed a four-headed hydra
 12140 | D:13     | Noticed a boulder beetle
 12176 | D:12     | Killed a four-headed hydra
 12196 | D:12     | Killed a boulder beetle
 12448 | D:13     | Found a runed translucent door.
 12489 | D:13     | Noticed Sheol's ghost (journeyman MiBe)
 12490 | D:13     | Identified the +4 trident of Wiuxaxti {flame, Int+3}
 12549 | D:13     | Found Yseycimp's Magic Scroll Boutique.
 12799 | D:13     | HP: 1/110 [Sheol's ghost (10)]
 12806 | D:13     | HP: 4/110 [spriggan rider/the +4 trident of Wiuxaxti
                  | {flame, Int+3} (17)]
 12806 | D:13     | HP: 1/110 [spriggan rider/the +4 trident of Wiuxaxti
                  | {flame, Int+3} (3)]
 12807 | D:13     | Noticed a tengu warrior
 13052 | D:12     | Reached XP level 13. HP: 82/116 MP: 7/12
 13283 | D:13     | Killed Sheol's ghost
 13393 | D:13     | Identified 2 scrolls of acquirement
 13396 | D:13     | Acquired 754 gold pieces
 13398 | D:13     | Acquired the +1 kite shield of the Dice {-Tele rC++}
 13518 | Lair:1   | Entered Level 1 of the Lair of Beasts
 13638 | Lair:1   | Identified the +8 plate armour "Yfotz" {+Blink rC+ Str-3
                  | Dex+3}
 13687 | Lair:1   | Reached skill level 13 in Shields
 13776 | Lair:1   | Reached ****** piety under Qazlal
 14127 | Lair:2   | Noticed Amaemon
 14237 | Lair:1   | Killed Amaemon
 14238 | Lair:1   | Reached skill level 14 in Shields
 14360 | Lair:2   | Noticed Harold
 14369 | Lair:2   | Killed Harold
 14417 | Lair:2   | Reached skill level 15 in Shields
 14571 | Lair:2   | You fall into a shaft and drop 1 floor!
 14571 | Lair:3   | Found a staircase to the Shoals.
 14601 | Lair:3   | Reached XP level 14. HP: 100/129 MP: 11/13
 14815 | Lair:2   | Found the +8 arc blade {discharge, rElec}
 15167 | Lair:2   | Reached skill level 16 in Shields
 15685 | Lair:3   | Found a staircase to the Snake Pit.
 16532 | Lair:4   | Noticed Sonja
 16541 | Lair:4   | Killed Sonja
 16654 | Lair:4   | Reached skill level 17 in Shields
 17155 | Lair:4   | Found a staircase to the Slime Pits.
 17156 | Lair:4   | Found a viscous altar of Jiyva.
 17698 | Lair:5   | Entered Level 5 of the Lair of Beasts
 18385 | Lair:5   | Reached skill level 18 in Shields
 18788 | Lair:5   | Found a runed translucent door.
 18803 | Lair:5   | Reached XP level 15. HP: 130/139 MP: 12/14
 18832 | Lair:5   | Reached skill level 15 in Fighting
 19724 | Orc:1    | Entered Level 1 of the Orcish Mines
 19733 | Orc:1    | Noticed Erolcha
 19739 | Orc:1    | Killed Erolcha
 19770 | Orc:1    | Found Zeak's Weapon Shop.
 20158 | Orc:1    | Found Huut Num's Jewellery Shop.
 20320 | Orc:2    | Entered Level 2 of the Orcish Mines
 20572 | Orc:2    | Gained mutation: You are frail. (-10% HP) [a neqoxec]
 20573 | Orc:2    | Paralysed by an orc sorcerer for 5 turns
 20839 | Orc:2    | Found Pasah's General Store.
 20840 | Orc:2    | Found Imoophegu's Magic Scroll Shoppe.
 20946 | Orc:2    | Found a staircase to the Elven Halls.
 21078 | Orc:2    | Found Tomuckon's Jewellery Boutique.
 21283 | Orc:2    | Reached skill level 19 in Shields
 21486 | Orc:2    | Found Huanur's Jewellery Boutique.
 21486 | Orc:2    | Found Rath's Antique Armour Shop.
 21487 | Orc:2    | Found a one-way gate leading to the halls of Pandemonium.
 21830 | Orc:2    | Bought the ring "Muossuzyd" {rElec rPois Will+++ Int-3
                  | Dex+6} for 910 gold pieces
 22020 | Orc:1    | Found Vowisk's Distillery.
 22028 | Orc:1    | Bought a potion of heal wounds for 50 gold pieces
 22247 | D:11     | Reached XP level 16. HP: 136/136 MP: 15/15
 22411 | D:14     | Identified the +0 chain mail "Benekeyva" {rElec rC++ Str+6}
 22459 | D:14     | Reached skill level 20 in Shields
 22533 | D:14     | Found Wopiula's Weapon Boutique.
 22867 | D:14     | Found a gate to the Vaults.
 23489 | D:15     | Entered Level 15 of the Dungeon
 23724 | D:15     | Found the +3 warlock's mirror {omnireflect}
 23786 | D:15     | Reached XP level 17. HP: 135/144 MP: 14/16
 24251 | D:15     | Reached skill level 21 in Shields
 24344 | D:15     | Found a staircase to the Depths.
 24772 | Shoals:1 | Entered Level 1 of the Shoals
 25490 | Shoals:1 | Identified the +0 ring mail of Pathos {Rampage rF- MP+9
                  | SInv}
 25574 | Shoals:1 | Noticed Mlioglotl
 25593 | Shoals:1 | Killed Mlioglotl
 25754 | Shoals:1 | Identified the ring of Soriagu {rElec rC+ AC+4}
 26546 | Shoals:1 | Reached skill level 22 in Shields
 26674 | Shoals:1 | Reached skill level 15 in Armour
 27465 | Shoals:2 | Found Juczutaoc's Distillery.
 27782 | Shoals:2 | Found Kykuezeg's Weapon Shoppe.
 27789 | Shoals:2 | Found Sidoel's Antique Armour Shoppe.
 28269 | Shoals:3 | Noticed Ilsuiw
 28319 | Shoals:3 | HP: 6/216 [Ilsuiw/+5 trident of freezing (9)]
 28324 | Shoals:2 | Killed Ilsuiw
 29374 | Shoals:3 | Acquired 688 gold pieces
 29692 | Shoals:4 | Entered Level 4 of the Shoals
 29763 | Shoals:3 | Reached skill level 23 in Shields
 29774 | Shoals:3 | Reached XP level 18. HP: 155/155 MP: 17/17
 30904 | Shoals:4 | Got a barnacled rune of Zot
 31237 | Shoals:4 | Found Gierchedae's Armour Boutique.
 31273 | Shoals:4 | Identified the ring "Ywno Ycu" {rF+ rCorr SInv Stlth+}
 31941 | Temple   | Entered the Ecumenical Temple
 32173 | Snake:1  | Entered Level 1 of the Snake Pit
 32505 | Snake:1  | Reached skill level 24 in Shields
 33352 | Snake:2  | Noticed Azrael
 33363 | Snake:2  | Killed Azrael
 33881 | Snake:2  | Noticed Agnes
 33888 | Snake:2  | Killed Agnes
 33955 | Snake:2  | Noticed Aizul
 33966 | Snake:2  | Killed Aizul
 35012 | Snake:3  | Found the +5 Lochaber axe {reach-cleave, Poleaxe Drain}
 35369 | Snake:3  | Found a runed translucent door.
 35769 | Snake:3  | Found Raol's Jewellery Shoppe.
 35771 | Snake:3  | Found Feamih Tuzya's Book Boutique.
 35772 | Snake:3  | Found Kuhaxer's Jewellery Shoppe.
 35971 | Snake:3  | Reached skill level 25 in Shields
 35991 | Snake:3  | Reached XP level 19. HP: 120/166 MP: 18/18
 36128 | Snake:4  | Entered Level 4 of the Snake Pit
 36272 | Snake:4  | Found Adwem's Firing Range.
 36296 | Snake:4  | Found a glowing golden altar of the Shining One.
 37726 | Snake:4  | Got a serpentine rune of Zot
 38015 | Elf:1    | Entered Level 1 of the Elven Halls
 38357 | Elf:1    | Reached skill level 26 in Shields
 38404 | Elf:1    | Found a portal to a secret trove of treasure.
 38588 | Elf:1    | Paralysed by an air elemental for 1 turns
 39105 | Elf:2    | Found Jiyss's CLEARANCE SALE!.
 39115 | Elf:2    | Noticed Zenata
 39508 | Elf:2    | Killed Zenata
 39848 | Elf:2    | Found Katon's Assorted Antiques.
 39877 | Elf:2    | Found a huge runed translucent gate.
 39877 | Elf:2    | Found a huge runed translucent gate.
 39877 | Elf:2    | Found a huge runed translucent gate.
 39877 | Elf:2    | Found a huge runed translucent gate.
 39878 | Elf:2    | Found a huge runed translucent gate.
 40798 | Elf:3    | Entered Level 3 of the Elven Halls
 41014 | Elf:3    | Reached XP level 20. HP: 134/179 MP: 14/19
 41340 | Elf:2    | Reached skill level 27 in Shields
 41394 | Elf:3    | Identified the +6 leather armour of the Thistle {rElec}
 41394 | Elf:3    | Identified the ring of Uphoewko {Fire rPois rN+ Stlth+}
 42187 | Elf:3    | Identified the ring "Righ" {rC+ AC+4 Str-2 Slay+3}
 42560 | Elf:3    | Reached XP level 21. HP: 189/189 MP: 20/20
 42616 | Elf:3    | Identified the +4 ring mail "Liezxi" {Str+4}
 42649 | Elf:3    | Identified the staff of conjuration "Ytytzok" {Str+2}
 42695 | Elf:3    | Found Bimnydd's Magic Scroll Boutique.
 42800 | Elf:3    | Identified the ring "Ocod" {rPois Int-3 Dex+5 Slay+4}
 42898 | Elf:3    | Acquired the amulet "Dusecanif" {Reflect Str+2 SH+5}
 42925 | Elf:3    | Acquired 812 gold pieces
 43226 | Lair:4   | Identified the +0 helmet of the Beginning {Str+3 SInv}
 43233 | Slime:1  | Entered Level 1 of the Pits of Slime
 43709 | Slime:3  | Found a viscous altar of Jiyva.
 43727 | Slime:3  | Gained mutation: You sometimes lose your temper in combat.
                  | [a shining eye]
 43730 | Slime:3  | Gained mutation: Your magical capacity is low. (-10% MP) [a
                  | shining eye]
 44143 | Slime:4  | Gained mutation: You are occasionally teleported next to
                  | monsters. [a shining eye]
 44146 | Slime:4  | Gained mutation: Your magical capacity is very low. (-20%
                  | MP) [a shining eye]
 45385 | Slime:1  | Gained mutation: Your body sometimes deteriorates upon
                  | taking damage. [a shining eye]
 45387 | Slime:1  | Gained mutation: Your flesh is cold resistant. (rC+) [a
                  | shining eye]
 45477 | Slime:5  | Entered Level 5 of the Pits of Slime
 45483 | Slime:5  | Gained mutation: Your body often deteriorates upon taking
                  | damage. [a shining eye]
 45486 | Slime:5  | Gained mutation: You have hidden genetic defects. [a
                  | shining eye]
 45490 | Slime:5  | Noticed the Royal Jelly
 45490 | Slime:5  | Gained mutation: You have an uncontrollable temper. [a
                  | shining eye]
 45492 | Slime:5  | Gained mutation: You are weak. (Str -2) [a shining eye]
 45928 | Slime:2  | Gained mutation: You occasionally lose the ability to drink
                  | potions when taking damage. [a shining eye]
 45937 | Slime:2  | Gained mutation: You are very weak. (Str -4) [a shining
                  | eye]
 46014 | Slime:5  | Gained mutation: You are very frail. (-20% HP) [a shining
                  | eye]
 46018 | Slime:4  | Reached skill level 10 in Dodging
 46312 | Slime:5  | Lost intelligence.
 46312 | Slime:5  | Gained mutation: You are dopey. (Int -2) [a shining eye]
 46612 | Slime:5  | Lost mutation: You are very weak. (Str -4) [a shining eye]
 46613 | Slime:5  | Lost mutation: You have an uncontrollable temper. [a
                  | shining eye]
 46693 | Slime:5  | HP: 7/258 [quicksilver ooze[the Royal Jelly] (9)]
 46694 | Slime:5  | HP: 2/258 [drowned by a quicksilver ooze[the Royal Jelly]
                  | (5)]
 46694 | Slime:5  | Demolished by a rockslime

Illustrated notes

Levels and vault maps discovered:
D:1:      nzn_arrival_water_spiral, layout_rooms, hangedman_decor_slide_cut,
          serial_bayou_lagoon_a
D:2:      layout_loops_ring, serial_shops, nicolae_shop_industrial_runoff,
          minmay_distorted
D:3:      layout_loops_ring, nicolae_ecumenical_oubliette, uniq_grinder
D:4:      layout_cave_pools, lemuel_doored_altar,
          lemuel_zombie_altar_kikubaaqudgha, gup_sewer_entry_bowl,
          lemuel_flame_loot_1, uniq_eustachio
D:5:      layout_loops_ring, mainiacjoe_overflow_chevrons,
          minmay_temple_entry_statues, kennysheep_doodads,
          hangedman_decor_opposing, uniq_menkaure, uniq_edmund
D:6:      layout_layer_cave, nicolae_ashenzari_skybound,
          mainiacjoe_overflow_alcove_1, nicolae_overflow_crystal_walls,
          lemuel_crystal_altar, grunt_ministairs_6, skrybe_limestone_x,
          minmay_between
D:7:      layout_basic, enter_ossuary_5
D:8:      layout_rooms, kennysheep_mini, nicolae_wu_jian_glorious_leap,
          mainiacjoe_overflow_brackets, uniq_joseph
D:9:      layout_irregular_city, grunt_temple_overflow_champion_of_chaos,
          kennysheep_slug_shrine, kennysheep_orc_monster_closet_entryway,
          uniq_maggie
D:10:     layout_irregular_city, nemelex_spade_bored_becter, serial_undead,
          serial_undead_d, serial_undead_f, serial_undead_f, serial_undead_f,
          serial_undead_d, serial_undead_a, serial_undead_c, disabler_island,
          uniq_maurice
D:11:     layout_irregular_city, grunt_lair_entry_orc_guard_hut, serial_shops,
          nicolae_take_the_stairs
D:12:     layout_stronghold, gauntlet_entry_generic, serial_glass,
          glass_columns_a, glass_columns_b, nicolae_looking_at_the_future
D:13:     layout_irregular_city, ebering_ghost_funeral_grove, serial_shops,
          shop, uniq_snorg
D:14:     layout_gridville, hangedman_vaults_entry_quadrant_bands,
          minmay_misc_feat_columns, serial_shops, nicolae_shop_stone,
          serial_ice, serial_ice_o, serial_ice_f, serial_ice_i, serial_ice_c,
          serial_ice_m, serial_ice_d, serial_ice_b, serial_ice_e, serial_ice_a,
          serial_ice_g, portal_ice_cave_entry_frozen_things, serial_park_tiny_2,
          minmay_statue_bubble
D:15:     hangedman_depths_entry_try_elsewhere_first, layout_grid_maze,
          wad_floor_pattern_untrapped
Temple:   hellmonk_temple_beads
Lair:1:   layout_big_grid, chequers_serial_rivers_room_a
Lair:2:   regret_index_bee_streams, layout_loops_ring, dreamdust_gnoll_shepherd,
          uniq_harold, uniq_amaemon
Lair:3:   layout_chaotic_city, minmay_shoals_entry_centaurs,
          minmay_snake_entry_six_corridors, serial_bayou_shore_a
Lair:4:   layout_layer_cave, slime_entry_1, chequers_serial_rivers_small_3,
          chequers_serial_rivers_micro_d, kilobyte_rumbling_trees, uniq_sonja
Lair:5:   guppyfry_lair_end_dragon, layout_regular_city, wormcave,
          lemuel_fruit_tree
Shoals:1: layout_shoals, uniq_mlioglotl
Shoals:2: layout_shoals, serial_shops, shop, nicolae_diamond_shop,
          nicolae_shop_tiny_statue_garden, nicolae_shoals_pincushion_passage
Shoals:3: layout_shoals, uniq_ilsuiw
Shoals:4: shoals_end_hangedman, layout_shoals, serial_shops,
          nicolae_shop_temple_entry_statues_fountains
Snake:1:  layout_misc_corridors
Snake:2:  layout_chambers, serial_bayou_shore_b, uniq_azrael, uniq_aizul,
          uniq_agnes
Snake:3:  cheibrodos_toxic_ritual, layout_misc_corridors, serial_bayou_shore_b,
          minmay_shop_grove
Snake:4:  johnstein_snake_rune_scales, layout_rooms, basic_altar,
          nicolae_shop_firing_range
Slime:1:  layout_caves
Slime:2:  layout_caves
Slime:3:  layout_caves, basic_altar
Slime:4:  layout_caves
Slime:5
Orc:1:    layout_diamond_mine, basic_altar, serial_shops, shop,
          nicolae_square_shop, shop_statue, uniq_erolcha
Orc:2:    pf_orc_diabolical, layout_caves, serial_shops,
          nicolae_shop_gaudy_bauble
Elf:1:    layout_geoelf_octagon, nicolae_trove_entry_crystal,
          hangedman_elf_disciples
Elf:2:    elven_hall_of_blades_hangedman_alternative
          [nicolae_blade_entry_floor_patterns], layout_loops_cross,
          portal_desolation_entry_twin_temple, serial_shops,
          nicolae_shop_waterfront, nicolae_shop_clearance, uniq_louise,
          uniq_zenata
Elf:3:    grunt_elf_hall_diamonds, layout_rooms, serial_shops, shop,
          grunt_ministairs_3, guppyfry_library_mini

Skill      XL: |  1  2  3  4  5  6  7  8  9 10 11 12 13 14 15 16 17 18 19 20 21 |
---------------+----------------------------------------------------------------+-----
Armour         | 4 5 6 8 9 10 11 12 13 14 15 16 17 18 19 | 19.1
Maces & Flails | 3 5 6 7 9 10 12 14 15 16 | 16.0
Fighting       | 4 5 6 7 9 11 13 14 16 17 18 20 21 23 24 | 24.8
Shields        | 4 5 6 8 10 12 15 18 19 20 23 25 26 27 | 27.0
Dodging        | 1 2 3 4 5 7 8 9 10 | 10.0
Throwing       | 2 |  2.8

Action                     |  1- 3 |  4- 6 |  7- 9 | 10-12 | 13-15 | 16-18 | 19-21 || total
---------------------------+-------+-------+-------+-------+-------+-------+-------++-------
  Melee: Flail             |    93 |   127 |   235 |   431 |   958 |  1313 |   933 ||  4090
         Headbutt          |    14 |    20 |    34 |   108 |   243 |   393 |   279 ||  1091
  Throw: Dart              |       |       |       |    23 |     5 |    11 |    17 ||    56
  Evoke: Wand              |       |       |       |       |     1 |       |       ||     1
    Use: Potion            |       |       |       |     4 |     8 |     4 |    11 ||    27
         Scroll            |       |       |       |       |    30 |    11 |     4 ||    45
   Stab: Confused          |       |       |       |       |     1 |       |       ||     1
 Armour: Scale mail        |    53 |    51 |    80 |   163 |    14 |       |       ||   361
         Plate armour      |       |       |       |       |   498 |   511 |   490 ||  1499
  Dodge: Dodged            |    47 |    44 |   120 |   299 |   526 |   507 |   378 ||  1921
         Repelled          |       |       |       |     8 |     6 |    38 |    42 ||    94
  Block: Buckler           |    19 |    34 |    96 |   332 |     6 |       |       ||   487
         Kite shield       |       |       |       |       |  1459 |  2029 |  1553 ||  5041
         Reflection        |       |       |       |       |       |       |     9 ||     9
